 Dungeon Crawl Stone Soup version 0.22.0-1-g6561e4c (webtiles) character file.

51 mopl the Firebug (level 3, -1/21 HPs)
             Began as an Octopode Fire Elementalist on Aug 12, 2018.
             Slain by a centaur skeleton (2 damage)
             ... on level 2 of the Dungeon.
             The game lasted 00:01:34 (1850 turns).

mopl the Firebug (Octopode Fire Elementalist)       Turns: 1850, Time: 00:01:34

Health: -1/21      AC:  1    Str:  7    XL:     3   Next: 81%
Magic:  2/6        EV: 13    Int: 18    God:
Gold:   90         SH:  0    Dex: 12    Spells: 2/6 levels left

rFire    . . .     SeeInvis .   h - +0 spear
rCold    . . .     Gourm    .   (no shield)
rNeg     . . .     Faith    .   (helmet restricted)
rPois    .         Spirit   .   (no amulet)
rElec    .         Reflect  .   (no ring)
rCorr    .         Harm     .   (no ring)
MR       .....                  (no ring)
Stlth    +++.......             (no ring)
HPRegen  0.07/turn              (no ring)
MPRegen  0.10/turn              (no ring)
                                (no ring)
                                (no ring)

@: very slightly contaminated
A: almost no armour, stealthy swim, amphibious, 8 rings, constrict 8, camouflage
1, gelatinous body 1
a: no special abilities


You were on level 2 of the Dungeon.
You were not hungry.

You visited 1 branch of the dungeon, and saw 2 of its levels.

You collected 90 gold pieces.

Inventory:

Hand Weapons
 h - a +0 spear (weapon)
Missiles
 e - 7 tomahawks (quivered)
Scrolls
 a - a scroll of random uselessness {unknown}
 c - a scroll of identify {unknown}
Potions
 d - a potion of haste {unknown}
 g - 2 potions of curing {unknown}
Comestibles
 b - 3 rations


   Skills:
 - Level 2.0 Dodging
 - Level 2.6 Stealth
 + Level 2.3 Spellcasting
 * Level 2.3 Conjurations
 * Level 3.7 Fire Magic


You had 2 spell levels left.
You knew the following spells:

 Your Spells              Type           Power        Failure   Level  Hunger
a - Flame Tongue          Conj/Fire      ##...        4%          1    #......
c - Conjure Flame         Conj/Fire      ##......     16%         3    ###....

Your spell library contained the following spells:

 Spells                   Type           Power        Failure   Level  Hunger
 Fireball                 Conj/Fire      ##........   80%         5    ######.
 Throw Flame              Conj/Fire      ##....       8%          2    ##.....
 Sticky Flame             Conj/Fire      ##......     45%         4    #####..
 Inner Flame              Hex/Fire       #.......     24%         3    ###....


Dungeon Overview and Level Annotations

Branches:
Dungeon (2/15)

Altars:

Annotations:
D:2 Sigmund


Innate Abilities, Weirdness & Mutations

You cannot wear most types of armour.
You are very stealthy in the water. (Stealth+)
You are amphibious.
You can wear up to eight rings at the same time.
You can use your tentacles to constrict eight enemies at once.
Your skin changes colour to match your surroundings (Stealth+).
Your rubbery body absorbs attacks. (AC +1, EV +1)


Message History

The centaur skeleton misses you.
Casting: Conjure Flame (safe; 16% risk of failure)
Confirm with . or Enter, or press ? or * to list all spells.
Aiming: Flame Tongue (safe; 4% risk of failure)
Press: ? - help, Shift-Dir - straight line, f - centaur skeleton
Aim: a centaur skeleton (heavily damaged)
The flame tongue hits the centaur skeleton.
The centaur skeleton is heavily damaged.
The centaur skeleton hits you.
* * * LOW HITPOINT WARNING * * *
The centaur skeleton barely misses you.
Unknown command.
Casting: Flame Tongue (safe; 4% risk of failure)
Confirm with . or Enter, or press ? or * to list all spells.
Aiming: Flame Tongue (safe; 4% risk of failure)
Press: ? - help, Shift-Dir - straight line, f/p - centaur skeleton
Aim: a centaur skeleton (heavily damaged)
You miscast Flame Tongue.
Nothing appears to happen.
The centaur skeleton hits you.
You die...

###.........S.
#>...#######.#
#.##.# ... .. #†##.#
# #.# #.. #.##.#
#.#.. #... #.##.#
#.#.# ...
#.##.#####.#.##.#
#.##........Z...###.
#.# ######..@$......
#.# ###.#####.. #.#
#.# #.# #.#
#####.##########.#
#b ..
.................#
..> ..
.#############..##
#.. .# .# #..# #..
.# .# #..# #.. .# .


You could see a centaur skeleton.

Vanquished Creatures
  3 adders (D:2)
  A worm (D:2)
  4 bats
  2 giant cockroaches
  4 goblins
  5 hobgoblins
  A kobold (D:1)
  A rat (D:1)
21 creatures vanquished.

Notes
Turn   | Place    | Note
-------+----------+-------------------------------------------
     0 | D:1      | mopl the Octopode Fire Elementalist began the quest for the Orb.
     0 | D:1      | Reached XP level 1. HP: 11/11 MP: 3/3
   344 | D:1      | Reached XP level 2. HP: 14/17 MP: 5/5
  1287 | D:2      | Reached XP level 3. HP: 21/21 MP: 6/6
  1292 | D:2      | Learned a level 3 spell: Conjure Flame
  1357 | D:2      | Reached skill level 2 in Conjurations
  1688 | D:2      | Noticed Sigmund
  1849 | D:2      | HP: 1/21 [centaur skeleton (4)]
  1850 | D:2      | Slain by a centaur skeleton

Skill      XL: |  1  2  3 |
---------------+----------+-----
Conjurations   | 2 |  2.3
Dodging        | |  2.0
Stealth        | |  2.6
Spellcasting   | |  2.3
Fire Magic     | |  3.7

Action                   || total
-------------------------++-------
Melee: Unarmed           ||    52
       Constrict         ||    18
       Tentacles         ||    12
       Spear             ||    16
 Cast: Flame Tongue      ||    12
 Stab: Sleeping          ||     7
  Eat: Chunk             ||     3
Armor: Skin              ||     7
Dodge: Dodged            ||    61
